Map: Blueshift LE

Players

Lambo - Winner!

  • Race: Zerg Zerg
  • League: Master
  • Spawn Location: 7:00

Vanya

  • Race: Zerg Zerg
  • League: Grandmaster
  • Spawn Location: 1:00

VOD

Have the link to the VOD?

Description

Time

  • Played on: Jan. 11, 2019, 10:44 a.m.
  • Length: 12:08
Show
View Real Time Build Order
Export as new Build Order

Lambo Zerg - Winner!

Build Orders: Hatch First 

Get SALT Encoding   

  12  0:00  Drone  
  13  0:12  Overlord  
  13  0:17  Drone  
  14  0:32  Drone x2  
  16  0:47  Hatchery  
  15  0:50  Drone  
  15  0:55  Drone  
  17  1:08  Spawning Pool  
  16  1:11  Extractor  
  16  1:12  Drone  
  16  1:16  Drone  
  17  1:19  Drone  
  18  1:28  Drone  
  19  1:57  Zergling x4  
  19  1:59  Zergling x2  
  19  2:00  Queen  
  19  2:01  Zergling x2  
  27  2:10  Zergling x2  
  28  2:20  Zergling x2  
  28  2:36  Hatchery  
  25  2:48  Overlord  
  25  2:54  Metabolic Boost  
  25  3:11  Drone x2  
  27  3:13  Drone x3  
  30  3:26  Overlord  
  30  3:44  Queen, Drone  
  30  3:45  Drone x2  
  30  3:47  Evolution Chamber, Drone x2  
  36  3:51  Drone  
  37  3:56  Drone  
  37  3:59  Drone  
  37  4:01  Drone  
  40  4:11  Drone x2  
  40  4:12  Zerg Missile Weapons Level 1  
  40  4:14  Drone x2  
  44  4:17  Overlord  
  44  4:25  Roach Warren  
  44  4:27  Drone  
  44  4:36  Drone  
  44  4:37  Drone x2  
  47  4:39  Extractor  
  47  4:40  Extractor  
  47  4:42  Drone x2  
  47  4:45  Drone x2  
  49  4:47  Overlord  
  48  4:58  Drone x2  
  50  5:01  Lair  
  50  5:05  Drone  
  50  5:06  Overlord  
  51  5:13  Hatchery  
  51  5:14  Queen  
  50  5:20  Drone  
  53  5:21  Baneling Nest  
  53  5:22  Roach  
  53  5:25  Roach  
  56  5:33  Roach x3  
  62  5:41  Roach  
  62  5:42  Roach, Overlord  
  66  5:45  Overlord  
  66  5:52  Overlord  
  66  6:05  Baneling x2  
  66  6:06  Roach x4  
  74  6:11  Zerg Missile Weapons Level 2  
  74  6:13  Queen x2  
  76  6:21  Roach x3  
  81  6:27  Roach x2, Zergling x4  
  82  6:39  Overseer  
  80  6:43  Ravager x2  
  79  6:49  Drone x4  
  79  6:52  Extractor, Glial Reconstitution  
  86  6:55  Drone x3  
  86  6:57  Spore Crawler  
  86  6:59  Baneling x4  
  88  7:02  Spore Crawler  
  88  7:04  Spore Crawler  
  88  7:05  Drone  
  88  7:07  Roach x2  
  89  7:18  Roach  
  89  7:24  Overlord  
  89  7:26  Overlord x2  
  89  7:29  Overlord  
  89  7:30  Overlord  
  89  7:34  Overlord  
  88  7:38  Overlord  
  88  7:42  Hatchery  
  88  7:43  Roach x3  
  93  7:46  Roach  
  93  7:47  Roach x3  
  101  7:52  Overseer  
  101  7:53  Roach  
  101  7:54  Roach x3  
  101  7:55  Ravager  
  110  8:03  Roach  
  112  8:10  Burrow  
  112  8:11  Tunneling Claws  
  112  8:15  Roach x2  
  112  8:18  Overlord  
  116  8:24  Roach x4  
  124  8:37  Roach  
  124  8:38  Roach x3, Queen  
  134  8:42  Overlord  
  134  8:43  Roach x2  
  138  8:50  Roach  
  138  8:51  Roach  
  138  8:53  Roach  
  138  8:54  Roach  
  146  8:58  Roach  
  146  9:00  Overlord  
  146  9:07  Roach x2  
  148  9:16  Roach x3  
  154  9:23  Roach x2  
  154  9:24  Roach  
  156  9:28  Roach x2  
  160  9:33  Roach  
  160  9:38  Overlord  
  162  9:39  Overlord  
  162  9:42  Roach x3, Overlord  
  162  9:46  Overlord x2  
  162  9:49  Overlord  
  162  9:57  Overlord  
  159  10:03  Zerg Ground Armor Level 1  
  159  10:05  Roach x3  
  163  10:11  Roach  
  163  10:12  Roach  
  163  10:13  Ravager  
  168  10:20  Ravager x3  
  171  10:24  Ravager x2  
  171  10:26  Roach  
  175  10:30  Roach  
  175  10:31  Roach x7  
  177  10:41  Roach x3  
  181  10:44  Queen x2  
  181  10:49  Roach x3  
  187  10:56  Roach x6  
  171  10:59  Roach x3  
  151  11:05  Roach x2  
  151  11:06  Roach  
  137  11:11  Roach  
  137  11:12  Roach x3  
  137  11:17  Roach x2  
  114  11:21  Queen  
  114  11:23  Roach x8  
  106  11:26  Queen  
  100  11:37  Spore Crawler  
  100  11:39  Drone x6  
  105  11:44  Drone x10  
Show
View Real Time Build Order
Export as new Build Order

Vanya Zerg 

Build Orders: Pool First 

Get SALT Encoding   

  12  0:17  Spawning Pool  
  11  0:22  Drone  
  11  0:27  Drone  
  13  0:33  Drone  
  14  0:40  Overlord  
  14  1:04  Zergling x4  
  14  1:05  Zergling x2  
  17  1:16  Zergling x2  
  17  1:17  Hatchery  
  17  1:27  Zergling x2  
  18  1:32  Queen  
  18  1:39  Zergling x2  
  21  1:52  Overlord  
  21  1:59  Drone  
  22  2:10  Queen  
  22  2:11  Drone  
  25  2:20  Drone  
  23  2:30  Queen  
  23  2:36  Drone x2  
  26  2:43  Drone  
  27  2:45  Drone  
  27  2:46  Queen  
  27  2:48  Drone  
  31  2:53  Drone  
  31  2:54  Drone  
  32  2:59  Zergling x2  
  32  3:02  Overlord  
  33  3:06  Zergling x2  
  34  3:13  Drone  
  34  3:18  Evolution Chamber, Drone  
  35  3:21  Drone x2  
  35  3:22  Drone  
  35  3:24  Extractor  
  35  3:25  Extractor  
  35  3:26  Drone  
  37  3:29  Drone  
  37  3:33  Drone  
  39  3:40  Roach Warren  
  38  3:44  Evolution Chamber  
  38  3:47  Drone  
  38  3:49  Drone x2  
  40  3:56  Overlord  
  40  3:58  Drone  
  40  4:00  Drone  
  42  4:04  Drone  
  43  4:11  Zerg Melee Weapons Level 1  
  43  4:15  Drone x2  
  43  4:16  Extractor, Drone  
  45  4:18  Drone  
  45  4:20  Drone  
  45  4:23  Drone  
  48  4:27  Drone  
  48  4:30  Drone  
  50  4:34  Metabolic Boost  
  50  4:36  Overlord  
  50  4:37  Drone  
  51  4:44  Overlord  
  51  4:51  Lair  
  51  4:56  Zergling x2  
  51  4:57  Zergling x8  
  56  5:04  Drone  
  56  5:06  Zerg Missile Weapons Level 1  
  57  5:08  Zergling x8  
  61  5:19  Zergling x8  
  65  5:23  Overlord  
  65  5:30  Zergling x2  
  66  5:39  Overlord  
  66  5:42  Zergling x6  
  69  5:45  Zergling x2  
  69  5:49  Zergling x2  
  71  5:50  Zergling x6  
  74  5:57  Drone  
  74  6:03  Drone  
  76  6:05  Hatchery  
  76  6:06  Roach x3  
  76  6:08  Zerg Ground Armor Level 1  
  81  6:15  Overlord  
  81  6:16  Drone  
  82  6:19  Overlord  
  82  6:20  Drone  
  82  6:22  Overlord  
  82  6:25  Overlord, Roach  
  81  6:30  Overseer  
  81  6:34  Roach x2  
  83  6:42  Roach  
  83  6:43  Roach x3  
  89  6:52  Roach x4  
  97  7:03  Overlord  
  97  7:07  Roach  
  98  7:09  Overlord  
  98  7:13  Roach x4  
  106  7:16  Zerg Missile Weapons Level 2  
  97  7:23  Roach  
  97  7:24  Roach x3  
  103  7:33  Roach x2  
  105  7:38  Ravager x3  
  105  7:39  Ravager  
  105  7:40  Zergling x6  
  112  7:46  Roach x2  
  112  7:47  Roach x2  
  120  7:53  Zergling x10  
  125  8:00  Roach x3  
  131  8:08  Overlord  
  131  8:12  Roach x2  
  135  8:17  Overlord  
  135  8:20  Overlord  
  135  8:29  Zergling x18  
  143  8:41  Extractor  
  143  8:42  Spire  
  143  8:44  Roach x3  
  147  8:50  Drone  
  147  8:52  Extractor  
  147  8:54  Roach x3, Extractor  
  143  9:04  Roach x3  
  139  9:12  Roach  
  139  9:13  Roach x3  
  139  9:17  Drone  
  147  9:18  Drone  
  145  9:24  Roach x2  
  147  9:33  Ravager, Drone  
  149  9:39  Roach x2  
  149  9:40  Drone  
  154  9:47  Drone  
  154  9:48  Overlord  
  154  9:50  Drone x3  
  154  9:51  Drone  
  158  10:06  Drone x2, Overseer  
  153  10:09  Overseer  
  152  10:15  Drone x2  
  152  10:16  Mutalisk x2  
  152  10:17  Mutalisk  
  160  10:26  Mutalisk x2  
  159  10:36  Overlord  
  159  10:41  Mutalisk x2  
  112  11:04  Mutalisk x5  
  112  11:05  Mutalisk  
  68  11:26  Drone x3  
  69  11:36  Drone  
  70  11:46  Drone  
  71  11:53  Drone  
Tags
 
Add a new tag
Caveats
  • Supply blocks, unpowered buildings, or Contaminate may cause inaccurate times.
  • Supply counts are checked every 10 seconds.